 Dungeon Crawl Stone Soup version 0.31.0-12-g77e489cdc1 (webtiles) character file.

Game seed: 14369868586609828951

36 hawla the Firebug (level 3, 0/20 HPs)
             Began as a Deep Elf Fire Elementalist on Feb 12, 2024.
             Slain by Robin
             ... wielding a +0 trident
              (8 damage)
             ... on level 2 of the Dungeon.
             The game lasted 00:03:04 (853 turns).

hawla the Firebug (Deep Elf Fire Elementalist)       Turns: 853, Time: 00:03:05

Health: 0/20       AC:  2    Str:  5    XL:     3   Next: 19%
Magic:  1/9        EV: 13    Int: 21    God:
Gold:   113        SH:  0    Dex: 15    Spells: 5/8 levels left

rFire   + . .        (no weapon)
rCold   . . .        (no shield)
rNeg    . . .        a - +0 robe
rPois   .            (no helmet)
rElec   .            (no cloak)
rCorr   .            (no gloves)
SInv    .            (no boots)
Will    +....        (no amulet)
Stlth   ++           i - ring of protection from fire
HPRegen 0.23/turn    e - ring of willpower
MPRegen 0.11/turn

%: no passive effects
@: about to teleport
A: no striking features
a: no special abilities


You were on level 2 of the Dungeon.
You visited 1 branch of the dungeon, and saw 2 of its levels.

You collected 113 gold pieces.

Inventory:

Armour
 a - a +0 robe (worn)
Jewellery
 e - a ring of willpower (right hand)
 i - a ring of protection from fire (left hand)
Potions
 b - a potion of magic
 d - 2 potions of cancellation {unknown}
 h - a potion of lignification {unknown}
 j - a potion of ambrosia {unknown}


   Skills:
 - Level 1.0 Fighting
 - Level 3.0 Dodging
 - Level 3.0 Stealth
 - Level 3.0 Spellcasting
 + Level 2.2 Conjurations
 - Level 3.2 Fire Magic


You had 5 spell levels left.
You knew the following spells:

 Your Spells              Type           Power      Damage    Failure   Level
a - Foxfire               Conj/Fire      56%        2x1d6     4%          1
b - Scorch                Fire           32%        2d6       5%          2

Your spell library contained the following spells:

 Spells                   Type           Power      Damage    Failure   Level
 Necrotise                Necr           12%        1d4       13%         1
 Inner Flame              Hex/Fire       10%        N/A       21%         3
 Volatile Blastmotes      Fire/Tloc      20%        2d11      21%         3
 Vampiric Draining        Necr           3%         2d6       36%         3
 Flame Wave               Conj/Fire      14%        2d6       38%         4
 Martyr's Knell           Necr/Summ      3%         N/A       78%         4
 Curse of Agony           Necr           3%         N/A       98%         5


Dungeon Overview and Level Annotations

Branches:
Dungeon (2/15)

Altars:

Annotations:
D:2 Robin


Message History

The hobgoblin is almost dead.
Casting: Foxfire (safe; 4% risk of failure)
Confirm with . or Enter, or press ? or * to list all spells.
You don't have enough magic to cast this spell.
You hit the hobgoblin but do no damage.
The hobgoblin is almost dead.
The hobgoblin closely misses you.
You barely miss the hobgoblin.
The hobgoblin is severely wounded.
Robin of the Strong Arm comes into view.
They are wielding a +0 trident.
You hit the hobgoblin but do no damage.
The hobgoblin is severely wounded.
The hobgoblin hits you. The hobgoblin misses you.
Robin roars a battlecry!
The hobgoblin goes into a battle-frenzy!
Casting: Foxfire (safe; 4% risk of failure)
Confirm with . or Enter, or press ? or * to list all spells.
You conjure some foxfire!
The foxfire hits the hobgoblin.
You kill the hobgoblin!
The foxfire hits Robin but does no damage.
Found a fizzy coppery potion.
j - a fizzy coppery potion A frilled lizard comes into view.
Found a scroll labelled YTUPNORANT.
As you read the scroll labelled NUESIE ERIXKO, it dissolves into smoke.
It was a scroll of fog.
As you read the scroll labelled FERAUM TOATANE, it crumbles to dust.
You feel strangely unstable.
It was a scroll of teleportation.
As you read the scroll labelled TODOTI ZIHUTT, it crumbles to dust.
Your body is wracked with pain!
Robin convulses!
It was a scroll of torment.
Robin hits you from afar with a +0 trident.
Casting: Foxfire (safe; 4% risk of failure)
Confirm with . or Enter, or press ? or * to list all spells.
Flames lash Robin.
Robin is almost dead.
Robin's fire resistance burns away.
Robin hits you from afar with a +0 trident!
You die...
Robin calls out, "Let's celebrate!
Time for a feast!"

. .# #l# .
.# #.# .#.#
#.. ..g
#.## #w.
..? #g# #§#
#.#
#########§#
#.#
#....g§g§@#
#.#
#.#########
#.# #.# #.#
#.# #)# #g#
#g# #.# #)#
#.# #.# #.#
#.# #.#


You could see Robin (combustible).

Vanquished Creatures
  A ribbon worm (D:2)
  A dart slug (D:1)
  An endoplasm (D:1)
  5 goblins (D:2)
  3 hobgoblins
  3 jackals (D:1)
  5 kobolds
  A quokka (D:1)
  2 ball pythons (D:1)
  2 bats (D:1)
  3 frilled lizards
  A rat (D:2)
28 creatures vanquished.

Vanquished Creatures (others)
  66 foxfires
66 creatures vanquished.

Grand Total: 94 creatures vanquished

Notes
Turn   | Place    | Note
-------+----------+-------------------------------------------
     0 | D:1      | hawla the Deep Elf Fire Elementalist began the quest for
                  | the Orb.
     0 | D:1      | Reached XP level 1. HP: 10/10 MP: 6/6
   175 | D:1      | Reached skill level 1 in Fighting
   233 | D:1      | Reached XP level 2. HP: 9/16 MP: 6/8
   662 | D:1      | Learned a level 2 spell: Scorch
   811 | D:2      | Reached XP level 3. HP: 20/20 MP: 3/9
   820 | D:2      | Noticed Robin
   853 | D:2      | Slain by Robin

Illustrated notes

Levels and vault maps discovered:
D:1:      dpeg_arrival_water_temple_mockup, layout_basic
D:2:      layout_loops_ring, kennysheep_generic_room_13, uniq_robin,
          uniq_terence

Skill      XL: |  1  2 |
---------------+-------+-----
Fighting       | 1 |  1.0
Dodging        | 3 |  3.0
Stealth        | 3 |  3.0
Conjurations   | 2 |  2.2
Spellcasting   | |  3.0
Fire Magic     | |  3.2

Action                     || total
---------------------------++-------
  Melee: Unarmed           ||     9
         Punch             ||     1
   Cast: Foxfire           ||    38
         Scorch            ||     3
    Use: Scroll            ||     3
 Armour: Robe              ||    10
  Dodge: Dodged            ||     7
